 Dungeon Crawl Stone Soup version 0.30.1-4-g462c640d31 (webtiles) character file.

Game seed: 11482347759392577315

35 safid the Chiller (level 3, -2/26 HPs)
             Began as a Merfolk Ice Elementalist on Sept 14, 2023.
             Slain by a gnoll
             ... wielding a +0 flail
              (8 damage)
             ... on level 2 of the Dungeon.
             The game lasted 00:01:20 (735 turns).

safid the Chiller (Merfolk Ice Elementalist)         Turns: 735, Time: 00:01:21

Health: -2/26      AC:  3    Str:  8    XL:     3   Next: 33%
Magic:  6/6        EV: 12    Int: 16    God:
Gold:   42         SH:  0    Dex: 14    Spells: 6/7 levels left

rFire   + . .        c - +0 dagger
rCold   . . .        (no shield)
rNeg    . . .        a - +0 robe
rPois   .            d - +0 helmet
rElec   .            (no cloak)
rCorr   .            (no gloves)
SInv    .            (no boots)
Will    .....        (no amulet)
Stlth   ++           f - ring of protection from fire
HPRegen 0.24/turn    (no ring)
MPRegen 0.10/turn

%: no passive effects
@: no status effects
A: (nimble swimmer 2), mertail
a: no special abilities


You were on level 2 of the Dungeon.
You visited 1 branch of the dungeon, and saw 2 of its levels.

You collected 42 gold pieces.

Inventory:

Hand Weapons
 c - a +0 dagger (weapon)
Armour
 a - a +0 robe (worn)
 d - a +0 helmet (worn)
Jewellery
 f - a ring of protection from fire (left hand)
Scrolls
 e - a scroll of teleportation {unknown}
 h - a scroll of fog {unknown}
 i - a scroll of identify {unknown}
 k - 2 scrolls of poison {unknown}
Potions
 g - a potion of brilliance {unknown}
 j - 3 potions of curing {unknown}


   Skills:
 + Level 1.6 Fighting
 - Level 2.6 Dodging
 - Level 2.1 Stealth
 + Level 2.5 Spellcasting
 + Level 4.8 Ice Magic


You had 6 spell levels left.
You knew the following spells:

 Your Spells              Type           Power      Damage    Failure   Level
a - Freeze                Ice            68%        1d8       2%          1

Your spell library contained the following spells:

 Spells                   Type           Power      Damage    Failure   Level
 Frozen Ramparts          Ice            34%        1d6       9%          3
 Ozocubu's Armour         Ice            17%        N/A       9%          3
 Shock                    Conj/Air       8%         1d3       21%         1
 Swiftness                Air            2%         N/A       52%         3
 Summon Ice Beast         Ice/Summ       9%         N/A       58%         4
 Airstrike                Air            1%         2d(1-17)  89%         4


Dungeon Overview and Level Annotations

Branches:
Dungeon (2/15)

Altars:


Innate Abilities, Weirdness & Mutations

((You are very nimble when in or above water. (Stealth+, EV+, Speed+++)))
Your lower body shifts to a powerful aquatic tail in water.


Message History

The gnoll is almost dead.
The gnoll misses you.
Unknown command.
Casting: Freeze (safe; 2% risk of failure)
Confirm with . or Enter, or press ? or * to list all spells.
Aiming: Freeze (safe; 2% risk of failure)
Press: ? - help, Shift-Dir - straight line, f/p - gnoll
Aim: a gnoll, wielding a +0 spear (almost dead)
You freeze the gnoll.
You kill the gnoll!
The gnoll shouts!
You hear a shout!
Unknown command.
You closely miss the goblin. The goblin misses you.
You hit the goblin.
The goblin is moderately wounded.
The goblin closely misses you.
You hit the goblin.
The goblin is heavily wounded.
The goblin barely misses you.
You hit the goblin.
You kill the goblin!
You hit the gnoll.
The gnoll is moderately wounded.
The gnoll barely misses you.
You hit the gnoll.
The gnoll is moderately wounded.
The gnoll hits you with a +0 flail.
Casting: Freeze (safe; 2% risk of failure)
Confirm with . or Enter, or press ? or * to list all spells.
Aiming: Freeze (safe; 2% risk of failure)
Press: ? - help, Shift-Dir - straight line, f - gnoll
Aim: a gnoll, wielding a +0 flail (moderately wounded)
You freeze the gnoll.
The gnoll is heavily wounded.
The gnoll hits you with a +0 flail!
* * * LOW HITPOINT WARNING * * *
Magic courses through your body.
A kobold comes into view. It is wielding a +0 short sword.
The gnoll hits you with a +0 flail!
You die...

...##..........#
......K........#.
...gg............
#.........#......
.. #...#......
....###..........
.......g.........
.....##g#......##
.... #@#<.......
..$ #.#.#######
## #....#..
#########


You could see 2 gnolls and a kobold.

Vanquished Creatures
  A gnoll (D:2)
  An endoplasm (D:1)
  3 giant cockroaches (D:1)
  3 goblins
  2 hobgoblins (D:1)
  3 quokkas
  3 ball pythons (D:1)
  4 bats (D:1)
  2 frilled lizards (D:1)
  A kobold (D:1)
  A rat (D:1)
24 creatures vanquished.

Notes
Turn   | Place    | Note
-------+----------+-------------------------------------------
     0 | D:1      | safid the Merfolk Ice Elementalist began the quest for the
                  | Orb.
     0 | D:1      | Reached XP level 1. HP: 13/13 MP: 3/3
    57 | D:1      | Found a faded altar of an unknown god.
   163 | D:1      | Reached XP level 2. HP: 20/20 MP: 5/5
   216 | D:1      | Reached skill level 1 in Fighting
   724 | D:2      | Reached XP level 3. HP: 25/26 MP: 3/6
   735 | D:2      | Slain by a gnoll

Illustrated notes

Levels and vault maps discovered:
D:1:      nzn_arrival_settlement, layout_rooms, chequers_ecumenical_altar_simple
D:2:      layout_basic, kennysheep_small_spiral

Skill      XL: |  1  2 |
---------------+-------+-----
Fighting       | 1 |  1.6
Dodging        | |  2.6
Stealth        | |  2.1
Spellcasting   | |  2.5
Ice Magic      | |  4.8

Action                     || total
---------------------------++-------
  Melee: Dagger            ||    35
   Cast: Freeze            ||    30
    Use: Potion            ||     1
   Stab: Sleeping          ||     1
 Armour: Robe              ||    21
  Dodge: Dodged            ||    48
